 Dungeon Crawl Stone Soup version 0.23.1 (webtiles) character file.

Game seed: 10762071018707602636

30 Coolman4810 the Skirmisher (level 3, 0/34 HPs)
             Began as a Naga Chaos Knight on Mar 8, 2019.
             Was a Plaything of Xom.
             Slain by an adder (1 damage)
             ... on level 2 of the Dungeon.
             The game lasted 00:04:51 (1047 turns).

Coolman4810 the Skirmisher (Naga Chaos Knight)      Turns: 1047, Time: 00:04:54

Health: 0/34       AC:  4    Str: 15    XL:     3   Next: 20%
Magic:  3/3        EV:  9    Int: 12    God:    Xom [*.....]
Gold:   53         SH:  0    Dex: 10    Spells: 2/2 levels left

rFire    . . .     SeeInvis +   a - +0 hand axe (chaos)
rCold    . . .     Gourm    .   (no shield)
rNeg     . . .     Faith    .   b - +2 leather armour
rPois    +         Spirit   .   (no helmet)
rElec    .         Reflect  .   g - scarf {repulsion}
rCorr    .         Harm     .   (no gloves)
MR       .....                  (no barding)
Stlth    +.........             (no amulet)
HPRegen  0.11/turn              (no ring)
MPRegen  0.08/turn              (no ring)

@: lethally poisoned (0 -> -3), repel missiles, very slow
A: large, see invisible, deformed body, poison resistance, slowness 2, slow
metabolism 1, spit poison 1, AC +1
a: Spit Poison, Renounce Religion


You were on level 2 of the Dungeon.
You worshipped Xom.
You were a special plaything of Xom.
You were not hungry.

You visited 1 branch of the dungeon, and saw 2 of its levels.

You collected 53 gold pieces.

Inventory:

Hand Weapons
 a - a +0 hand axe of chaos (weapon)
Armour
 b - a +2 leather armour (worn)
 g - a scarf of repulsion (worn)
Scrolls
 d - 3 scrolls of enchant weapon {unknown}
 f - a scroll of magic mapping {unknown}
Potions
 e - 2 potions of might {unknown}
 h - a potion of degeneration {unknown}
Comestibles
 c - a ration


   Skills:
 + Level 3.5 Fighting
 + Level 3.4 Axes
 + Level 1.8 Armour
 + Level 1.1 Dodging


You had 2 spell levels left.
You didn't know any spells.
Your spell library was empty.

Dungeon Overview and Level Annotations

Branches:
Dungeon (2/15)

Altars:

Shops:
D:2 *

Annotations:
D:2 1 runed translucent door


Innate Abilities, Weirdness & Mutations

You cannot wear boots.
Your serpentine skin is tough. (AC +1)
You have supernaturally acute eyesight. (SInv)
Armour fits poorly on your strangely shaped body.
Your system is resistant to poisons. (rPois)
You cover ground very slowly.
You have a slow metabolism.
You can spit poison.


Message History

The adder is almost dead.
The adder barely misses you. The adder bites you but does no damage.
You closely miss the adder.
The adder is almost dead.
You feel sick. The adder bites you but does no damage.
You barely miss the adder.
The adder is almost dead.
The adder bites you but does no damage. The adder bites you.
* * * LOW HITPOINT WARNING * * *
You hit the adder but do no damage.
The adder is almost dead.
The adder bites you.
* * * LOW HITPOINT WARNING * * *
You barely miss the adder.
The adder is almost dead.
The adder bites you.
* * * LOW HITPOINT WARNING * * *
The adder bites you.
You die... "Huh?
Did I miss anything?"

.# # .#.# # #.#.# #### #.
.... .K#. #.###.# ..# #.
#.#. .......######.##
.....( #.#.
##...)......#.........#.#.
#...§§.†......# ........§.
#...☼§§.S@...## ..#######.
#..#...♣†..#.# .
##....♣.♣....# .
#...♣.♣.♣...# . #..♣.♣
♣.♣..# . ...♣.♣ ♣.♣..# .
#....♣ ♣...# . ..... ....


You could see an adder.

Vanquished Creatures
  An ooze (D:2)
  A dart slug (D:1)
  2 giant cockroaches (D:1)
  2 goblins
  5 hobgoblins (D:1)
  5 kobolds
  2 bats
  A frilled lizard (D:1)
  4 rats
23 creatures vanquished.

Notes
Turn   | Place    | Note
-------+----------+-------------------------------------------
     0 | D:1      | Coolman4810 the Naga Chaos Knight began the quest for the
                  | Orb.
     0 | D:1      | Reached XP level 1. HP: 21/21 MP: 1/1
    19 | D:1      | Reached XP level 2. HP: 18/28 MP: 2/2
   149 | D:1      | XOM: divination: detect items
   598 | D:1      | XOM: mild Tmut miscast
   626 | D:1      | XOM: 4-stop teleportation journey
   911 | D:1      | XOM: noise
   997 | D:2      | Found a runed translucent door.
   997 | D:2      | Noticed a human
  1024 | D:2      | Found Zin's Purification Station.
  1024 | D:2      | XOM: 8-stop teleportation journey
  1031 | D:2      | Reached skill level 1 in Dodging
  1031 | D:2      | Reached XP level 3. HP: 31/34 MP: 3/3
  1034 | D:2      | XOM: smoke on damage
  1047 | D:2      | HP: 1/34 [adder (2)]
  1047 | D:2      | Slain by an adder

Skill      XL: |  1  2 |
---------------+-------+-----
Dodging        | 1 |  1.1
Fighting       | |  3.5
Axes           | |  3.4
Armour         | |  1.8

Action                   || total
-------------------------++-------
Melee: Hand axe          ||    67
Armor: Leather armour    ||    56
Dodge: Dodged            ||    69
